[Event "Titled Tuesday Blitz January 03 Late 2023"]
[White "Gaehwiler, Gabriel"]
[Black "Eisa Mohmood, Alkhoori"]
[WhiteFideId "1314530"]
[BlackFideId "9316116"]
[WhiteElo "2404"]
[BlackElo "1095"]
[Result "0-1"]
[Round "05"]
[TimeControl "180+2"]
[Date "2023.01.03"]
[WhiteClock "0:02:00"]
[BlackClock "0:00:07"]

1. d4 Nf6 2. Nf3 g6 3. g3 Bg7 4. Bg2 O-O 5. O-O d5 6. c4 dxc4 7. Na3 c3 8. bxc3 c5 9. Ne5 cxd4 10. cxd4 Nfd7 11. Nf3 Nb6 12. Rb1 Nc6 13. Bb2 Be6 14. Ng5 Bxa2 15. Ra1 Bd5 16. e4 Bc4 17. Nxc4 Nxc4 18. Bc3 Bxd4 19. Qb3 Nd2 20. Bxd2 Bxa1 21. Be3 Bg7 22. h4 h6 23. Nf3 b6 24. h5 g5 25. Rc1 Rc8 26. Re1 Na5 27. Qb5 Qc7 28. Qa6 Rfd8 29. Bh3 e6 30. Bf1 Nc4 31. Bc1 Ne5 32. Nh2 Qe7 33. Qa2 g4 34. Be2 Qb4 35. Rf1 Rc7 36. Be3 Qe7 37. Nxg4 Nxg4 38. Bxg4 Rdc8 39. Bd1 Kh7 40. Qb1 Kh8 41. Ba4 Rc4 42. Bb3 Rb4 43. Qa2 Rxe4 44. Bd1 Rec4 45. Bf3 b5 46. Qa6 b4 47. Qb5 Qe8 48. Qa6 b3 49. Qb5 b2 50. Kg2 Rc3 51. Qxb2 Rxe3 52. Qb1 Rxf3 53. Kxf3 Qc6+ 54. Kg4 Qc4+ 55. Kh3 Qc2 56. Qb7 Qf5+ 57. Kg2 Qd5+ 58. Qxd5 exd5 59. Rd1 d4 60. Kf3 Re8 61. Ra1 Re7 62. Ra3 Kg8 63. g4 Bf6 64. Ra6 Kg7 65. Kg3 Be5+ 66. f4 Bc7 67. Kf3 Bb6 68. Ra3 f6 69. Kf2 Kf7 70. Rd3 Ke8 71. Kf3 Kd7 72. Rd1 Kc6 73. Kg2 Kd5 74. Rb1 Re2+ 75. Kf3 Re3+ 76. Kg2 Re4 77. Kg3 d3 78. Rd1 Kd4 79. Rb1 d2 80. Kf3 Re3+ 81. Kg2 Re1 0-1


[Site "https://www.chess.com"]

[Event "Titled Tuesday Blitz January 03 Late 2023"]
[White "Erdogdu, Mert"]
[Black "Hoffmann, Asa"]
[WhiteFideId "6301495"]
[BlackFideId "2001470"]
[WhiteElo "2413"]
[BlackElo "2185"]
[Result "1/2-1/2"]
[Round "05"]
[TimeControl "180+2"]
[Date "2023.01.03"]
[WhiteClock "0:00:07"]
[BlackClock "0:00:15"]

1. e4 d6 2. d4 Nf6 3. Nc3 c6 4. Nf3 Bg4 5. Be2 e6 6. O-O d5 7. e5 Nfd7 8. Bg5 Be7 9. Bxe7 Qxe7 10. Nb1 c5 11. c3 Nc6 12. Nbd2 O-O 13. a3 c4 14. Ne1 Bf5 15. g3 b5 16. Ng2 a5 17. f4 h6 18. g4 Bh7 19. Qe1 b4 20. f5 bxc3 21. bxc3 Rab8 22. Nf4 exf5 23. Nxd5 Qg5 24. h4 Qd8 25. Bxc4 fxg4 26. e6 fxe6 27. Qxe6+ Kh8 28. Qxc6 Qxh4 29. Ne3 Nf6 30. Ng2 Qg3 31. Rf2 Qxc3 32. Raf1 Qxd4 33. Ba2 Rbc8 34. Qe6 Bg8 35. Qe3 Qxe3 36. Nxe3 Bxa2 37. Nxg4 Kh7 38. Nxf6+ Rxf6 39. Rxf6 gxf6 40. Rxf6 Rd8 41. Ne4 Bb1 42. Nd6 Rd7 43. Re6 Ba2 44. Rf6 Kg7 45. Ne8+ Kg8 46. Rf2 Re7 47. Nf6+ Kg7 48. Nh5+ Kg6 49. Nf4+ Kg5 50. Nh3+ Kh4 51. Kh2 Be6 52. Rf4+ Kh5 53. Re4 Kg6 54. Re5 Kf6 55. Rxa5 Bxh3 56. Kxh3 Re5 57. Ra6+ Re6 58. Ra8 Kf5 59. a4 Ke5 60. a5 Kd5 61. Kg4 Kc6 62. Kf5 Re1 63. Rb8 Ra1 64. Rb6+ Kc7 65. Rxh6 Rxa5+ 66. Kf4 Ra4+ 67. Kf5 Ra5+ 68. Kf4 Ra4+ 1/2-1/2


[Site "https://www.chess.com"]

[Event "Titled Tuesday Blitz January 03 Late 2023"]
[White "Melikhov, Evgeny V."]
[Black "Weetik, Vjacheslav"]
[WhiteFideId "4122046"]
[BlackFideId "4153472"]
[WhiteElo "2269"]
[BlackElo "2423"]
[Result "0-1"]
[Round "05"]
[TimeControl "180+2"]
[Date "2023.01.03"]
[WhiteClock "0:00:19"]
[BlackClock "0:00:20"]

1. d4 Nf6 2. c4 g6 3. Nc3 Bg7 4. e4 d6 5. f3 O-O 6. Be3 c5 7. Nge2 Nc6 8. d5 Ne5 9. Ng3 e6 10. Be2 exd5 11. cxd5 a6 12. a4 h5 13. O-O Nh7 14. h3 h4 15. Nh1 f5 16. f4 Nf7 17. Nf2 Nf6 18. e5 dxe5 19. Bxc5 exf4 20. Bxf8 Qxf8 21. Nd3 g5 22. Qb3 Nd6 23. Nc5 Nfe4 24. Ne6 Qe7 25. Nxg7 Qxg7 26. Nxe4 fxe4 27. Bg4 Bxg4 28. hxg4 e3 29. Qd3 Re8 30. Rfe1 h3 31. Rac1 Ne4 32. gxh3 Nf2 33. Qf5 Qh6 34. Rc7 Rf8 35. Qe6+ Qxe6 36. dxe6 Nxh3+ 37. Kg2 f3+ 38. Kxh3 f2 39. Rf1 e2 40. Rcc1 Rf4 41. Kg2 exf1=Q+ 42. Rxf1 Rxg4+ 43. Kxf2 Rf4+ 44. Ke2 Rxf1 45. Kxf1 Kf8 46. Kf2 Ke7 47. Kf3 Kxe6 48. Kg4 Kd5 49. Kxg5 Kc4 50. Kf4 Kb3 51. a5 Kxb2 52. Ke5 Kb3 53. Kd5 Kb4 0-1


[Site "https://www.chess.com"]

[Event "Titled Tuesday Blitz January 03 Late 2023"]
[White "Kaganskiy, Gleb"]
[Black "Golubev, Mikhail"]
[WhiteFideId "4132025"]
[BlackFideId "14100983"]
[WhiteElo "2205"]
[BlackElo "2461"]
[Result "1-0"]
[Round "05"]
[TimeControl "180+2"]
[Date "2023.01.03"]
[WhiteClock "0:00:18"]
[BlackClock "0:00:02"]

1. e4 c5 2. Nf3 d6 3. Bb5+ Bd7 4. Bxd7+ Nxd7 5. c4 Ngf6 6. Nc3 e6 7. d4 cxd4 8. Nxd4 Rc8 9. Qe2 Qb6 10. Be3 Qb4 11. O-O Qxc4 12. Qd2 Be7 13. Rac1 Qa6 14. Rfd1 O-O 15. Ndb5 Nxe4 16. Nxe4 Qxb5 17. Nxd6 Bxd6 18. Qxd6 Rxc1 19. Rxc1 Nf6 20. b3 a6 21. h3 Nd5 22. Bg5 Re8 23. Rc5 Qe2 24. Qd7 Qe1+ 25. Kh2 Qe5+ 26. f4 Qb8 27. g3 h6 28. Bh4 Rf8 29. Be7 Nxe7 30. Qxe7 Qd8 31. Rc7 Qd2+ 32. Kh1 Qe1+ 33. Kg2 Qe2+ 34. Kg1 Qf3 35. Qh4 f6 36. Qg4 Qxg4 37. hxg4 Rb8 38. a4 1-0


[Site "https://www.chess.com"]

[Event "Titled Tuesday Blitz January 03 Late 2023"]
[White "Polanco Nunez, Yoel Estarling"]
[Black "Brilej, Jaka"]
[WhiteFideId "6401783"]
[BlackFideId "14618818"]
[WhiteElo "2162"]
[BlackElo "2321"]
[Result "0-1"]
[Round "05"]
[TimeControl "180+2"]
[Date "2023.01.03"]
[WhiteClock "0:00:21"]
[BlackClock "0:00:27"]

1. Nf3 d5 2. c4 c6 3. b3 Bf5 4. g3 e6 5. Bg2 Nf6 6. O-O Nbd7 7. Bb2 Bd6 8. d3 O-O 9. Nh4 Bg6 10. Nxg6 hxg6 11. Nd2 Qe7 12. a3 e5 13. e4 dxe4 14. Nxe4 Nxe4 15. dxe4 Rad8 16. Qe2 Nc5 17. Rfd1 Ne6 18. b4 Bc7 19. Bh3 Nd4 20. Bxd4 exd4 21. f4 a5 22. c5 g5 23. Rd3 gxf4 24. gxf4 Bxf4 25. Rf1 Be3+ 26. Kh1 axb4 27. axb4 Qxe4+ 28. Bg2 Qh4 29. Rf3 f5 30. Rh3 Qf2 31. Qd1 f4 32. Be4 Rd5 33. Bxd5+ cxd5 34. Rf3 Qh4 35. Rxd4 Bxd4 36. Qxd4 Qe1+ 37. Kg2 Qe2+ 38. Rf2 Qe4+ 39. Qxe4 dxe4 40. Rc2 Kf7 41. Rc4 Re8 42. b5 Kf6 43. c6 bxc6 44. bxc6 Ke5 45. c7 Rc8 46. h4 Kf5 47. Kh3 e3 48. h5 e2 49. Rc1 Rxc7 0-1


[Site "https://www.chess.com"]

[Event "Titled Tuesday Blitz January 03 Late 2023"]
[White "Yurovskykh, Oleksandr"]
[Black "Jorajuria Mendoza, Algol"]
[WhiteFideId "14134020"]
[BlackFideId "5128897"]
[WhiteElo "2328"]
[BlackElo "2069"]
[Result "1-0"]
[Round "05"]
[TimeControl "180+2"]
[Date "2023.01.03"]
[WhiteClock "0:00:14"]
[BlackClock "0:00:06"]

1. d4 d5 2. Bf4 c5 3. e3 Nc6 4. c3 Nf6 5. Nd2 Bf5 6. Ngf3 Qb6 7. Qb3 c4 8. Qxb6 axb6 9. a3 b5 10. Rc1 e6 11. Nh4 Be4 12. f3 Bg6 13. Nxg6 hxg6 14. Bg3 Nh5 15. Bf2 Bd6 16. f4 g5 17. g3 gxf4 18. exf4 Nf6 19. Be2 Nd7 20. Nf3 Nb6 21. Kd2 Na4 22. Rb1 O-O-O 23. Bd1 Kc7 24. Bc2 Ne7 25. Ne5 Rdf8 26. Bxa4 bxa4 27. Rbe1 Bxe5 28. dxe5 Nc6 29. Bc5 Rd8 30. Bd6+ Kb6 31. Ke3 Na5 32. h4 Kc6 33. h5 b6 34. g4 Nb3 35. g5 Rxd6 36. exd6 Kxd6 37. h6 gxh6 38. gxh6 Nc5 39. Reg1 Ne4 40. Rg7 Ke7 41. h7 Kf8 42. Rhg1 Nf6 43. Kd4 Nxh7 44. Ke5 Ke7 45. Rh1 1-0


[Site "https://www.chess.com"]

[Event "Titled Tuesday Blitz January 03 Late 2023"]
[White "Defend, Balint"]
[Black "Rego, Vinicius V. de Almeida"]
[WhiteFideId "17004853"]
[BlackFideId "2106485"]
[WhiteElo "1673"]
[BlackElo "2238"]
[Result "0-1"]
[Round "05"]
[TimeControl "180+2"]
[Date "2023.01.03"]
[WhiteClock "0:00:31"]
[BlackClock "0:00:06"]

1. e4 c5 2. Nf3 d6 3. c3 Nf6 4. Bd3 Nc6 5. h3 d5 6. e5 c4 7. exf6 cxd3 8. fxg7 Bxg7 9. O-O e5 10. Re1 O-O 11. b3 e4 12. Nh2 Qg5 13. Re3 Be5 14. Ba3 Re8 15. Qe1 Bf4 16. Rg3 Bxg3 17. fxg3 Bd7 18. Nf1 b5 19. Bd6 Ne5 20. Ne3 Re6 21. Bc5 Bc6 22. Bd4 f5 23. c4 bxc4 24. Nc3 f4 25. gxf4 Qxf4 26. Ncxd5 Bxd5 27. Nxd5 Qg5 28. Be3 Nf3+ 29. Kh1 Nxe1 30. Bxg5 Nc2 31. Rf1 Rf8 32. Rg1 Re5 33. Nf6+ Kg7 34. Nh5+ Kg6 35. h4 Kxh5 36. g4+ Kg6 37. Be3 Nxe3 38. dxe3 Kg7 39. bxc4 Rf3 40. c5 Rxe3 41. c6 Rc5 42. Rb1 Rxc6 43. Rb7+ Kf6 44. g5+ Kf5 45. Rb1 Re2 46. a4 Rcc2 47. h5 Kxg5 48. h6 Kh4 49. a5 Kh3 50. Kg1 Rh2 0-1


[Site "https://www.chess.com"]

[Event "Titled Tuesday Blitz January 03 Late 2023"]
[White "Girsh, Daniel"]
[Black "Rian, Kapriaga"]
[WhiteFideId "30949190"]
[BlackFideId "7103263"]
[WhiteElo "2123"]
[BlackElo "2089"]
[Result "0-1"]
[Round "05"]
[TimeControl "180+2"]
[Date "2023.01.03"]
[WhiteClock "0:00:18"]
[BlackClock "0:00:12"]

1. d4 Nf6 2. Bf4 d5 3. e3 e6 4. Nf3 Bd6 5. Bg3 O-O 6. Nbd2 c5 7. c3 Qc7 8. Bd3 Nbd7 9. Bxd6 Qxd6 10. dxc5 Nxc5 11. Bc2 b6 12. O-O Ba6 13. Re1 Bd3 14. Nb3 Bxc2 15. Qxc2 Rac8 16. Rad1 Rfd8 17. Nbd4 a6 18. h4 h6 19. Nd2 b5 20. Qb1 Ng4 21. g3 Ne5 22. Kg2 Qe7 23. N2f3 Nxf3 24. Nxf3 Qf6 25. Nd2 a5 26. e4 Qg6 27. exd5 Nd3 28. Re3 Rxd5 29. Nf3 Rcd8 30. Nd4 Nf4+ 31. Kh2 Qg4 32. gxf4 Qxf4+ 33. Rg3 e5 34. Rg1 Qxh4+ 35. Rh3 Qxf2+ 36. Rg2 Qf4+ 37. Rhg3 exd4 38. Kg1 Rg5 39. Rxg5 hxg5 40. Qd1 d3 41. Rf2 Qe3 42. Kg2 d2 43. Qb3 Rd7 44. Rf1 Qe2+ 45. Rf2 Qxf2+ 46. Kxf2 d1=Q 47. Qxb5 Qd2+ 48. Kf1 Qd3+ 49. Qxd3 Rxd3 50. Ke2 Rd5 51. c4 Rd8 52. c5 Rc8 53. a3 Rxc5 54. Kd3 Rc8 55. b4 axb4 56. axb4 f5 57. Kd4 g4 58. Ke5 g3 59. Kxf5 g2 60. b5 g1=Q 61. b6 Qxb6 62. Kg5 Rc5+ 63. Kf4 Qb4+ 64. Ke3 Rc3+ 65. Kd2 Qb2+ 66. Kd1 Rc1# 0-1


[Site "https://www.chess.com"]

[Event "Titled Tuesday Blitz January 03 Late 2023"]
[White "Fisher_TheGalactic"]
[Black "Ankerst, Mihael"]
[BlackFideId "14602369"]
[WhiteElo "2492"]
[BlackElo "2370"]
[Result "1-0"]
[Round "05"]
[TimeControl "180+2"]
[Date "2023.01.03"]
[WhiteClock "0:00:50"]
[BlackClock "0:00:02"]

1. Nf3 Nf6 2. g3 g6 3. Bg2 Bg7 4. O-O d6 5. d3 O-O 6. e4 e5 7. Nbd2 Nbd7 8. c3 Nc5 9. Qc2 a5 10. d4 Ncd7 11. dxe5 Nxe5 12. Nxe5 dxe5 13. Nc4 Qe7 14. b3 Rd8 15. Ba3 Qe8 16. Rad1 Rxd1 17. Rxd1 Bg4 18. f3 Bd7 19. Ne3 c6 20. Bf1 b5 21. Bc5 Be6 22. Qd2 Bf8 23. Bxf8 Qxf8 24. Qd6 Qxd6 25. Rxd6 Rc8 26. c4 b4 27. c5 Nd7 28. Nc4 a4 29. Nb6 Nxb6 30. cxb6 axb3 31. axb3 Bxb3 32. b7 Rb8 33. Ba6 Ba4 34. Rd7 b3 35. Rc7 b2 36. Bd3 Kg7 37. Kf2 Bb5 38. Bb1 Kf6 39. Ke3 Ke6 40. Kd2 Ba4 41. Kc3 h5 42. Kxb2 f6 43. Rg7 g5 44. Kc3 Kd6 45. Kb4 Bb5 46. Ka5 1-0


[Site "https://www.chess.com"]

[Event "Titled Tuesday Blitz January 03 Late 2023"]
[White "Alexikov, Alexander"]
[Black "Bochnicka, Vladimir"]
[WhiteFideId "14103958"]
[BlackFideId "14943450"]
[WhiteElo "2209"]
[BlackElo "2327"]
[Result "0-1"]
[Round "05"]
[TimeControl "180+2"]
[Date "2023.01.03"]
[WhiteClock "0:00:01"]
[BlackClock "0:00:06"]

1. e4 c5 2. Nf3 Nc6 3. d4 cxd4 4. Nxd4 e5 5. Nb5 d6 6. c4 Be7 7. N1c3 a6 8. Na3 f5 9. exf5 Bxf5 10. Bd3 Be6 11. O-O Nf6 12. Bg5 O-O 13. Nc2 Kh8 14. b3 Qd7 15. Qd2 Rae8 16. Rad1 Bd8 17. Kh1 Bb6 18. f3 Nh5 19. Be3 Bxe3 20. Qxe3 Qe7 21. g3 Rf6 22. Ne4 Rh6 23. Kg1 Rf8 24. Qg5 Qc7 25. Rf2 Rf5 26. Qe3 Nf6 27. Nxd6 Qxd6 28. Rfd2 Rfh5 29. Bg6 Qe7 30. Bxh5 Rxh5 31. Rd6 h6 32. c5 e4 33. b4 Nd5 34. Qxe4 Re5 35. Qc4 Ne3 36. Rxe6 Rxe6 37. Nxe3 Rxe3 38. Kf2 Re6 39. Rd2 Rf6 40. f4 Ne5 41. Qe2 Ng6 42. Qxe7 Nxe7 43. Rd8+ Kh7 44. Rd7 Nc6 45. Rxb7 Re6 46. a3 Re4 47. Rb6 Nd4 48. Rxa6 Re2+ 49. Kg1 Ra2 50. h3 Nf3+ 0-1


[Site "https://www.chess.com"]

[Event "Titled Tuesday Blitz January 03 Late 2023"]
[White "ArchibaldCerveza29"]
[Black "Wieczorek, Zbigniew"]
[BlackFideId "1102001"]
[WhiteElo "2509"]
[BlackElo "2150"]
[Result "1-0"]
[Round "05"]
[TimeControl "180+2"]
[Date "2023.01.03"]
[WhiteClock "0:00:36"]
[BlackClock "0:00:02"]

1. d4 Nf6 2. Nf3 g6 3. b3 Bg7 4. Bb2 O-O 5. e3 d6 6. Be2 e5 7. dxe5 Ng4 8. O-O Nc6 9. c4 Ncxe5 10. Nxe5 Nxe5 11. Nc3 h5 12. h3 Re8 13. Qd2 Be6 14. Rad1 Qd7 15. f4 Nc6 16. Bf3 Rad8 17. Ne4 f5 18. Ng5 Bxb2 19. Qxb2 Qg7 20. Qd2 Bf7 21. Bd5 Bxd5 22. Qxd5+ Kh8 23. Nf7+ Kh7 24. Ng5+ Kh8 25. Nf7+ Kh7 26. Nxd8 Nxd8 27. Rfe1 Qe7 28. e4 fxe4 29. f5 g5 30. f6 Qxf6 31. Rxe4 Rf8 32. Re2 Nc6 33. c5 Ne5 34. cxd6 cxd6 35. Qxd6 Ng6 36. Qxf6 Rxf6 37. Rd7+ 1-0


[Site "https://www.chess.com"]

[Event "Titled Tuesday Blitz January 03 Late 2023"]
[White "Jovic, Stanoje"]
[Black "Dinu, Dumitru-Daniel"]
[WhiteFideId "905020"]
[BlackFideId "1208403"]
[WhiteElo "2075"]
[BlackElo "2203"]
[Result "1-0"]
[Round "05"]
[TimeControl "180+2"]
[Date "2023.01.03"]
[WhiteClock "0:01:00"]
[BlackClock "0:00:09"]

1. c4 e5 2. g3 Nc6 3. Bg2 g6 4. Nc3 Bg7 5. Nf3 Nge7 6. O-O O-O 7. d3 d6 8. Rb1 a5 9. a3 f5 10. Bg5 h6 11. Bxe7 Nxe7 12. e4 f4 13. h3 fxg3 14. fxg3 Be6 15. Kh2 Qd7 16. b4 axb4 17. axb4 Nc6 18. Nd5 Bxd5 19. cxd5 Nd4 20. Nxd4 exd4 21. b5 b6 22. Qg4 Qxg4 23. hxg4 Bf6 24. Rbc1 Bd8 25. Rxf8+ Kxf8 26. g5 hxg5 27. e5 dxe5 28. d6 Ra7 29. d7 Ke7 30. Bc6 g4 31. Kg2 Ra2+ 32. Kf1 Kd6 33. Re1 Rc2 34. Re4 Rxc6 35. bxc6 Kxc6 36. Rxg4 g5 37. Re4 Kd6 38. Ke2 b5 39. Kf3 c5 40. Kg4 b4 41. Kf5 b3 42. Re1 Kxd7 43. Rb1 Kc6 44. Ke4 c4 45. dxc4 Kc5 46. Rxb3 Kxc4 47. Rb8 Ba5 48. Rc8+ Kb3 49. g4 Bd2 50. Kxe5 Be3 51. Ke4 Kb4 52. Rc6 Kb5 53. Rc2 Kb4 54. Kd3 Kb3 55. Rc4 Kb2 56. Rxd4 Bxd4 57. Kxd4 Kb3 58. Ke5 Kc4 59. Kf5 Kd5 60. Kxg5 Ke6 61. Kg6 1-0


[Site "https://www.chess.com"]

[Event "Titled Tuesday Blitz January 03 Late 2023"]
[White "Torres Dominguez, David"]
[Black "Khandelwal, Ankush"]
[WhiteFideId "2220857"]
[BlackFideId "413470"]
[WhiteElo "1994"]
[BlackElo "2205"]
[Result "0-1"]
[Round "05"]
[TimeControl "180+2"]
[Date "2023.01.03"]
[WhiteClock "0:01:08"]
[BlackClock "0:01:52"]

1. e4 c5 2. Nc3 a6 3. f4 e6 4. Nf3 b5 5. d3 Bb7 6. Be2 Nf6 7. O-O b4 8. Nb1 d5 9. e5 Nfd7 10. Qe1 Nc6 11. c3 a5 12. Nbd2 Qb6 13. c4 Be7 14. b3 a4 15. Bb2 a3 16. Bc1 O-O 17. Qg3 f6 18. Re1 fxe5 19. fxe5 Qc7 20. Bf1 Rf5 21. h3 Ndxe5 22. Nxe5 Nxe5 23. Kh1 Raf8 24. Nf3 Bd6 0-1


[Site "https://www.chess.com"]

[Event "Titled Tuesday Blitz January 03 Late 2023"]
[White "Slavin, Alexey"]
[Black "Martinez, Marcel"]
[WhiteFideId "24104388"]
[BlackFideId "2016249"]
[WhiteElo "2364"]
[BlackElo "2402"]
[Result "0-1"]
[Round "05"]
[TimeControl "180+2"]
[Date "2023.01.03"]
[WhiteClock "0:00:00"]
[BlackClock "0:00:45"]

1. e4 e5 2. Nf3 Nc6 3. c3 Nf6 4. d3 d5 5. Nbd2 a5 6. Be2 h6 7. O-O dxe4 8. Nxe4 Be7 9. Qc2 O-O 10. Ng3 Re8 11. h3 Bc5 12. Ne4 Bb6 13. a3 a4 14. Bd2 Be6 15. Ng3 Bb3 16. Qc1 Re6 17. Nf5 Nd5 18. N3h4 Nf4 19. Bxf4 exf4 20. Bg4 Rf6 21. d4 g6 22. Nxh6+ Kg7 23. N6f5+ gxf5 24. Nxf5+ Kh8 25. Qxf4 Rg6 26. Rfe1 Be6 27. Rad1 Qg5 28. Qf3 Bxf5 29. Bxf5 Rf6 30. g4 Rg8 31. Kh2 Nd8 32. Re5 c6 33. Kh1 Bc7 34. Re2 Ne6 35. Rde1 Nf4 36. Re3 Rh6 37. Qe4 Nxh3 38. Kg2 Nf4+ 39. Kf1 Nd5 40. Rf3 Nf6 41. Qe7 Rh1+ 42. Ke2 Rxe1+ 43. Kxe1 Re8 44. Qxe8+ Nxe8 0-1


[Site "https://www.chess.com"]

[Event "Titled Tuesday Blitz January 03 Late 2023"]
[White "Van den Dikkenberg, Erik"]
[Black "Papayan, Oleg"]
[WhiteFideId "1005880"]
[BlackFideId "4193911"]
[WhiteElo "2091"]
[BlackElo "2253"]
[Result "1-0"]
[Round "05"]
[TimeControl "180+2"]
[Date "2023.01.03"]
[WhiteClock "0:00:15"]
[BlackClock "0:00:03"]

1. e4 e5 2. Nf3 Nc6 3. d4 exd4 4. Nxd4 Qh4 5. Nc3 Bb4 6. Nb5 Qxe4+ 7. Be2 Bxc3+ 8. bxc3 Kd8 9. O-O Nf6 10. Ba3 a6 11. Nd4 Nxd4 12. cxd4 d5 13. Bf3 Qf5 14. c4 dxc4 15. Re1 Re8 16. Rxe8+ Nxe8 17. Qa4 Nd6 18. Bxd6 cxd6 19. Qxc4 Bd7 20. Qb4 Qf6 21. Re1 Rc8 22. Bxb7 Rc7 23. Bxa6 h5 24. Qb8+ Bc8 25. Bxc8 Rxc8 26. Qb6+ Kd7 27. a4 h4 28. h3 g5 29. Qb5+ Kc7 30. Rc1+ Kd8 31. Qb6+ Kd7 32. Qb7+ 1-0


[Site "https://www.chess.com"]

[Event "Titled Tuesday Blitz January 03 Late 2023"]
[White "Mesic, Ismet"]
[Black "Adury, Anant"]
[WhiteFideId "14411105"]
[BlackFideId "30964687"]
[WhiteElo "2190"]
[BlackElo "2123"]
[Result "1/2-1/2"]
[Round "05"]
[TimeControl "180+2"]
[Date "2023.01.03"]
[WhiteClock "0:00:16"]
[BlackClock "0:00:05"]

1. e4 d6 2. d4 Nf6 3. Nc3 e5 4. dxe5 dxe5 5. Qxd8+ Kxd8 6. Bc4 Bb4 7. Bg5 Ke7 8. O-O-O Bxc3 9. bxc3 Be6 10. Bxe6 Kxe6 11. f3 Nc6 12. Ne2 Rad8 13. Ng3 g6 14. Rd3 h6 15. Bxf6 Kxf6 16. Rhd1 Ke7 17. Ne2 Nb8 18. Ng3 Na6 19. Ne2 Rd6 20. Rd5 f6 21. c4 Rhd8 22. a3 c6 23. Rxd6 Rxd6 24. Rxd6 Kxd6 25. Kd2 Kc5 26. Kc3 Nc7 27. Nc1 Ne8 28. Nd3+ Kd6 29. f4 c5 30. a4 Nc7 31. g3 Ne6 32. fxe5+ fxe5 33. Kd2 Nd4 34. h3 Nf3+ 35. Ke3 Nd4 36. Kd2 a6 37. Nc1 b6 38. c3 Nc6 39. Nd3 Na5 40. Nb2 Ke6 41. Ke3 Kf6 42. Kf3 Nb3 43. Ke3 Na5 44. Kf3 Nc6 45. Ke3 Nd8 46. Kf3 Ne6 47. Ke3 Ng5 48. h4 Ne6 49. Kf3 Nd8 50. Nd3 Nc6 51. Nb2 Ke6 52. Ke3 Na7 53. Nd1 Kd6 54. Nb2 Kc6 55. Kd3 Nc8 56. Nd1 Nd6 57. Ne3 h5 58. Nd5 b5 59. axb5+ axb5 60. cxb5+ Kxb5 61. Ne7 c4+ 62. Ke3 Ka4 63. Nxg6 Nb5 64. Nxe5 Nxc3 65. Nxc4 Kb4 66. Ne5 Kc5 67. Kf4 Kd4 68. Nf3+ Kc5 69. e5 Kd5 70. Kf5 Ne4 71. e6 Nxg3+ 72. Kf6 Ne4+ 73. Kf7 Nd6+ 74. Kf6 Ne4+ 75. Kf7 Nd6+ 76. Kf6 Ne4+ 1/2-1/2


[Site "https://www.chess.com"]

[Event "Titled Tuesday Blitz January 03 Late 2023"]
[White "Pein, Jonathan"]
[Black "Jenkins, Drake"]
[WhiteFideId "417092"]
[BlackFideId "2022397"]
[WhiteElo "2265"]
[BlackElo "2130"]
[Result "1-0"]
[Round "05"]
[TimeControl "180+2"]
[Date "2023.01.03"]
[WhiteClock "0:00:53"]
[BlackClock "0:00:01"]

1. e4 c5 2. g3 g6 3. Bg2 Bg7 4. Ne2 Nc6 5. O-O e5 6. a4 Nge7 7. Nbc3 O-O 8. d3 d6 9. f4 f5 10. h3 Be6 11. Nd5 Qd7 12. Kh2 Nd4 13. c3 Nxe2 14. Qxe2 Rae8 15. Be3 Nxd5 16. exd5 Bf7 17. Qf2 e4 18. dxe4 fxe4 19. Rfd1 b6 20. h4 Qb7 21. Qd2 a6 22. Kg1 b5 23. axb5 axb5 24. Ra5 b4 25. cxb4 Qxb4 26. Qxb4 cxb4 27. Bd4 e3 28. Bxg7 Kxg7 29. Re1 Ra8 30. Rxa8 Rxa8 31. Rxe3 Ra5 32. Re7 Kf6 33. Rd7 Ra1+ 34. Kh2 Rb1 35. Rxd6+ Ke7 36. Rb6 Rxb2 37. d6+ Kf8 38. Rb8+ Kg7 39. Rb7 Kf6 40. d7 1-0


[Site "https://www.chess.com"]

[Event "Titled Tuesday Blitz January 03 Late 2023"]
[White "Quinones Garcia, Santiago"]
[Black "Papp, Petra"]
[WhiteFideId "4408497"]
[BlackFideId "739049"]
[WhiteElo "2248"]
[BlackElo "2343"]
[Result "1-0"]
[Round "05"]
[TimeControl "180+2"]
[Date "2023.01.03"]
[WhiteClock "0:01:27"]
[BlackClock "0:00:04"]

1. d4 Nf6 2. c4 g6 3. Nc3 d5 4. cxd5 Nxd5 5. e4 Nxc3 6. bxc3 Bg7 7. Nf3 c5 8. Be3 O-O 9. Rc1 Nc6 10. d5 Ne5 11. Nxe5 Bxe5 12. f4 Bg7 13. Be2 b6 14. O-O Bb7 15. c4 e5 16. f5 Qd6 17. Qd2 Rfd8 18. a4 Qd7 19. Ra1 Kh8 20. a5 Qd6 21. a6 Bc8 22. Bd1 gxf5 23. exf5 e4 24. Ra3 Be5 25. g4 Rg8 26. Qg2 Bd7 27. h3 Rae8 28. Bc2 Bd4 29. Bxe4 Bxe3+ 30. Rxe3 b5 31. cxb5 Bxb5 32. Ra1 Bxa6 33. Rea3 Bc4 34. Rxa7 Rxe4 35. Qxe4 Bxd5 36. Qe3 h5 37. R7a6 Qc7 38. Qh6# 1-0


[Site "https://www.chess.com"]

[Event "Titled Tuesday Blitz January 03 Late 2023"]
[White "Moreno Perez, Tobias Sebastian"]
[Black "Sabar, Ethmane Daouda"]
[WhiteFideId "186716"]
[BlackFideId "19600097"]
[WhiteElo "2256"]
[BlackElo "2040"]
[Result "1-0"]
[Round "05"]
[TimeControl "180+2"]
[Date "2023.01.03"]
[WhiteClock "0:01:19"]
[BlackClock "0:00:14"]

1. d4 d5 2. Bf4 c6 3. e3 Bf5 4. c4 e6 5. Nc3 Qb6 6. Qb3 Nd7 7. c5 Qxb3 8. axb3 a6 9. b4 Rc8 10. Nf3 Be7 11. Nd2 Ngf6 12. Nb3 Nh5 13. Be5 Nxe5 14. dxe5 g5 15. Be2 Ng7 16. Nd4 Bg6 17. O-O O-O 18. Bxa6 bxa6 19. Rxa6 Bd3 20. Nxc6 Rxc6 21. Rxc6 Bxf1 22. Kxf1 Rb8 23. b5 Ne8 24. b6 Kf8 25. Nb5 h6 26. Nd6 Nxd6 27. exd6 Bf6 28. Rc7 Bxb2 29. b7 Ba3 30. Rc8+ 1-0


[Site "https://www.chess.com"]

[Event "Titled Tuesday Blitz January 03 Late 2023"]
[White "Mazurkiewicz, Michal"]
[Black "qiaohu_henry"]
[WhiteFideId "1124943"]
[WhiteElo "2145"]
[BlackElo "2253"]
[Result "1/2-1/2"]
[Round "05"]
[TimeControl "180+2"]
[Date "2023.01.03"]
[WhiteClock "0:00:11"]
[BlackClock "0:00:18"]

1. e4 e6 2. d3 d5 3. Nd2 Nf6 4. Ngf3 Nc6 5. c3 dxe4 6. dxe4 e5 7. Bb5 Bd6 8. O-O Bd7 9. Nc4 a6 10. Bxc6 Bxc6 11. Nfxe5 Bxe5 12. Nxe5 Qxd1 13. Rxd1 Bxe4 14. Bg5 Bf5 15. Bxf6 gxf6 16. Nc4 O-O 17. Na5 Rab8 18. Rd4 Be6 19. Rad1 Rfc8 20. f4 c5 21. Rd6 Kg7 22. h3 Rc7 23. g4 Bxa2 24. Rb6 Re8 25. Nxb7 Rb8 26. Rxa6 Bb3 27. Rdd6 Rcxb7 28. Rxf6 Be6 29. g5 Rxb2 30. f5 Rb1+ 31. Kf2 R8b2+ 32. Ke3 Bc4 33. Rh6 Bxa6 34. Rxa6 Rh1 35. Kf4 Rxh3 36. Ke5 Re3+ 37. Kf4 Rxc3 38. Ra7 Rb4+ 39. Ke5 Re3+ 40. Kd5 c4 41. Kd4 Rg3 42. Kc5 Rb1 43. f6+ Kg6 44. Kxc4 Rxg5 45. Ra8 Kxf6 46. Ra6+ Kg7 47. Ra8 Rbg1 48. Kd3 R1g4 49. Ke3 Rf5 50. Ke2 Rgf4 51. Ke3 f6 52. Ke2 Kg6 53. Ke3 Kh5 54. Rg8 h6 55. Rg7 Rh4 56. Ke2 Rg4 57. Rf7 Kg6 58. Ke3 h5 59. Rf8 h4 60. Rg8+ Kh5 61. Rh8+ Kg5 62. Rg8+ Kh5 63. Rh8+ Kg6 64. Rg8+ Kf7 65. Rxg4 Rh5 66. Rg2 Ke6 67. Kf4 h3 68. Rh2 Rh8 69. Kg4 f5+ 70. Kg3 Ke5 71. Re2+ Kf6 72. Rh2 Kg5 73. Rxh3 f4+ 74. Kg2 Ra8 75. Rh7 Kg4 76. Rg7+ Kf5 77. Rf7+ Kg5 78. Rg7+ Kf5 79. Rf7+ Kg5 80. Rg7+ Kf6 81. Rc7 Ra2+ 82. Kf3 Ra4 83. Rc6+ Kf5 84. Rc5+ Ke6 85. Rc6+ Kd5 86. Rf6 Ke5 87. Rf8 Ra3+ 88. Kf2 Ke4 89. Re8+ Kf5 90. Rf8+ Kg5 91. Rg8+ Kf6 92. Rf8+ Ke5 93. Re8+ Kf5 94. Rf8+ Kg4 95. Rg8+ Kh3 96. Rh8+ Kg4 97. Rg8+ Kf5 98. Rf8+ 1/2-1/2


[Site "https://www.chess.com"]

[Event "Titled Tuesday Blitz January 03 Late 2023"]
[White "Lorenzo De La Riva, Lazaro"]
[Black "Sariego Figueredo, Wilfredo"]
[WhiteFideId "2268809"]
[BlackFideId "3500080"]
[WhiteElo "2404"]
[BlackElo "2318"]
[Result "1-0"]
[Round "05"]
[TimeControl "180+2"]
[Date "2023.01.03"]
[WhiteClock "0:01:55"]
[BlackClock "0:00:45"]

1. e4 c5 2. Nf3 a6 3. b3 b5 4. a4 b4 5. Bb2 Bb7 6. Qe2 Nf6 7. d3 e6 8. g3 Be7 9. Bg2 O-O 10. O-O d5 11. Nbd2 dxe4 12. dxe4 Nc6 13. Rfd1 Qc7 14. Nc4 Rfd8 15. h3 Na5 16. Be5 Rxd1+ 17. Rxd1 Qc8 18. Nxa5 Bxe4 19. Bxf6 Bxf3 20. Qxf3 Ra7 21. Bxe7 Rxe7 22. Qc6 Rc7 23. Qxa6 Qxa6 1-0


[Site "https://www.chess.com"]